 Dungeon Crawl Stone Soup version 0.22.0-40-g68aacdc (webtiles) character file.

85148 Lew the Severer (level 15, -4/141 HPs)
             Began as a Minotaur Fighter on Sept 1, 2018.
             Was the Champion of Okawaru.
             Slain by a dire flail of protection (17 damage)
             ... on level 2 of the Elven Halls.
             The game lasted 00:58:51 (15502 turns).

Lew the Severer (Minotaur Fighter)                 Turns: 15502, Time: 00:58:53

Health: -4/141     AC: 14    Str: 34    XL:     15   Next: 37%
Magic:  0/19       EV: 27    Int:  5    God:    Okawaru [******]
Gold:   323        SH:  0    Dex: 24    Spells: 14/14 levels left

rFire    + + .     SeeInvis .   M - +8 battleaxe of Qeblorphu {elec, Fragile rPois rF++ Dex+3}
rCold    + . .     Gourm    .   (shield currently unavailable)
rNeg     . . .     Faith    .   N - +4 moon troll leather armour {Spirit, Regen++ MP+5}
rPois    +         Spirit   +   (helmet restricted)
rElec    .         Reflect  .   q - scarf {repulsion}
rCorr    .         Harm     .   J - +0 pair of gloves
MR       +....                  t - +2 pair of boots
Stlth    ++++++....             p - amulet of regeneration
HPRegen  1.53/turn              S - ring "Kiqucog" {rPois Str+4}
MPRegen  0.16/turn              E - +4 ring of strength

@: mighty, agile, very slightly contaminated, repel missiles
A: retaliatory headbutt, hooves 1, horns 2, cold resistance 1
a: Heroism, Finesse, Renounce Religion


You were on level 2 of the Elven Halls.
You worshipped Okawaru.
Okawaru was exalted by your worship.
You were full.

You visited 4 branches of the dungeon, and saw 19 of its levels.
You also visited: Labyrinth and Bailey.

You collected 2588 gold pieces.
You spent 2265 gold pieces at shops.

Inventory:

Hand Weapons
 a - a +1 war axe
 c - a +2 executioner's axe of electrocution
 M - the +8 battleaxe of Qeblorphu (weapon) {elec, Fragile rPois rF++ Dex+3}
   (Okawaru gifted it to you on level 13 of the Dungeon)

   Occasionally, upon striking a foe, it will discharge some electrical energy
   and cause terrible harm.
   It affects your dexterity (+3).
   It greatly protects you from fire.
   It protects you from poison.
   It will be destroyed if unequipped.
 P - a +2 broad axe
 X - a +0 war axe of flaming
Missiles
 z - 18 tomahawks of returning
 W - 8 needles of sleeping (quivered)
Armour
 n - a +2 buckler
 q - a scarf of repulsion (worn)
 t - a +2 pair of boots (worn)
 w - a +0 cloak
 A - the +1 plate armour of the Trombone {+Inv +Fly Int+5}
   (Okawaru gifted it to you on level 12 of the Dungeon)

   It affects your intelligence (+5).
   It lets you turn invisible.
   It lets you fly.
 H - a +0 shield
 J - a +0 pair of gloves (worn)
 N - the +4 moon troll leather armour (worn) {Spirit, Regen++ MP+5}
   (You bought it in a shop on level 2 of the Orcish Mines)

   It affects your magic capacity (+5).
   It increases your rate of regeneration.
 Q - the +5 shield of the New World {Int-3 Dex+10}
   (You took it off Asterion on level 1 of the Elven Halls)

   It affects your intelligence (-3).
   It affects your dexterity (+10).
Jewellery
 l - an uncursed ring of poison resistance
 p - an amulet of regeneration (around neck)
 x - an uncursed ring of protection from magic
 E - a +4 ring of strength (right hand)
 K - an uncursed ring of protection from fire
 S - the ring "Kiqucog" (left hand) {rPois Str+4}
   (You bought it in a shop on level 1 of the Elven Halls)

   [ring of strength]

   It affects your strength (+4).
   It protects you from poison.
Wands
 s - a wand of flame (39)
 u - a wand of scattershot (3)
 y - a wand of iceblast (10)
 I - a wand of paralysis (14)
 V - a wand of polymorph (19)
Scrolls
 e - 4 scrolls of amnesia
 g - 13 scrolls of remove curse
 i - a scroll of torment
 k - a scroll of silence
 r - 2 scrolls of magic mapping
 v - 2 scrolls of fear
 B - 2 scrolls of teleportation
 C - a scroll of blinking
 T - a scroll of immolation
Potions
 b - a potion of flight
 d - 2 potions of heal wounds
 h - 8 potions of curing
 j - 6 potions of lignification
 m - a potion of agility
 o - 2 potions of might
 D - a potion of brilliance
 L - a potion of resistance
 O - a potion of ambrosia
 R - a potion of berserk rage
 U - 2 potions of haste
Miscellaneous
 G - a lightning rod (2/4)
Comestibles
 f - 11 rations


   Skills:
 - Level 15.0 Fighting
 + Level 19.9 Axes
 - Level 10.0 Armour
 - Level 10.0 Dodging
 - Level 11.0 Stealth
 - Level 10.0 Shields


You had 14 spell levels left.
You didn't know any spells.
Your spell library contained the following spells:

 Spells                   Type           Power        Failure   Level  Hunger
 Confusing Touch          Hex            #.....       50%         1    ##.....
 Corona                   Hex            #......      50%         1    ##.....
 Flame Tongue             Conj/Fire      #....        50%         1    ##.....
 Blink                    Tloc           N/A          65%         2    ###....
 Shroud of Golubria       Chrm/Tloc      #.........   65%         2    ###....
 Slow                     Hex            #.......     65%         2    ###....
 Sublimation of Blood     Necr           #.........   65%         2    ###....
 Swiftness                Chrm/Air       #.......     65%         2    ###....
 Throw Flame              Conj/Fire      #.....       65%         2    ###....
 Confuse                  Hex            #.......     86%         3    ####...
 Conjure Flame            Conj/Fire      #.......     86%         3    ####...
 Gell's Gravitas          Tloc           #.........   86%         3    ####...
 Inner Flame              Hex/Fire       #.......     86%         3    ####...
 Ozocubu's Armour         Chrm/Ice       #.......     86%         3    ####...
 Portal Projectile        Hex/Tloc       #.....       86%         3    ####...
 Recall                   Summ/Tloc      N/A          86%         3    ####...
 Cause Fear               Hex            #.........   99%         4    #####..
 Leda's Liquefaction      Hex/Erth       #.........   99%         4    #####..
 Passage of Golubria      Tloc           N/A          99%         4    #####..
 Petrify                  Tmut/Erth      #.......     99%         4    #####..
 Sticky Flame             Conj/Fire      #.......     99%         4    #####..
 Summon Lightning Spire   Summ/Air       #.......     99%         4    #####..
 Fireball                 Conj/Fire      #.........   100%        5    ######.
 Metabolic Englaciation   Hex/Ice        #.........   100%        5    ######.
 Silence                  Hex/Air        #.........   100%        5    ######.
 Yara's Violent Unravell  Hex/Tmut       #.........   100%        5    ######.
 Conjure Ball Lightning   Conj/Air       #.........   100%        6    #######
 Deflect Missiles         Chrm/Air       #.........   100%        6    #######
 Disjunction              Tloc           #.........   100%        8    #######
 Tornado                  Air            #.........   100%        9    #######


Dungeon Overview and Level Annotations

Branches:
Dungeon (14/15)            Temple (1/1) D:4            Lair (0/6) D:11
    Orc (2/2) D:9             Elf (2/3) Orc:2        Vaults (0/5) D:13

Altars:
Ashenzari
Cheibriados
Dithmenos
Elyvilon
Fedhas
Gozag
Hepliaklqana
Kikubaaqudgha
Makhleb
Nemelex Xobeh
Okawaru
Qazlal
Ru
Sif Muna
Trog
Uskayaw
Vehumet
Wu Jian
Xom
Yredelemnul
Zin
The Shining One
Beogh

Shops:
D:6 ?   D:13 (   Orc:2 *[(:   Elf:1 =!

Portals:
Trove: D:10 (give 2 scrolls of acquirement)


Innate Abilities, Weirdness & Mutations

You reflexively headbutt those who attack you in melee.
You have a pair of horns on your head.
You have large cloven feet.
Your flesh is cold resistant. (rC+)


Message History

The dire flail of protection barely misses you.
You furiously retaliate!
You headbutt the dire flail of protection!
The trident of protection hits you but does no damage.
Wield which item (- for none, * to show all)? (? for menu, Esc to quit)
Okay, then.
You feel very mighty all of a sudden. The dire flail of protection hits you!
* * * LOW HITPOINT WARNING * * *
The trident of protection barely misses you.
The deep elf knight hits you with an enchanted long sword.
* * * LOW HITPOINT WARNING * * *
You feel agile all of a sudden.
The dire flail of protection hits you but does no damage.
The trident of protection hits you from afar!
* * * LOW HITPOINT WARNING * * *
The deep elf knight completely misses you.
You furiously retaliate!
You headbutt the deep elf knight!! The dire flail of protection hits you!
You die...

................#...#...#........
................#.#.#.#.#.....[..
.................................
...............))##...##.........
...............).................
>..............)#.#.#.#.#........
....<...........#...#...#........
................###...###........
................@((..............
....|............e.....).........
.................................
.................................
.................................
#######'##########..#############
.................#..#............
.................#..#............
.................#..#..####+####.


You could see a deep elf knight and 2 dancing weapons.

Vanquished Creatures
  Asterion (Elf:1)
  Kirke (D:12)
  2 orc warlords
  The ghost of nicolaieve the Bludgeoner, a journeyman MiBe of Trog (Orc:2)
  A stone giant (Orc:2)
  A minotaur (Lab)
  A fire dragon (D:14)
  Erolcha (Orc:2)
  3 hydras
  4 two-headed ogres
  5 dancing weapons
  A centaur warrior (D:13)
  A tengu warrior (D:13)
  Urug (Orc:2)
  An orc high priest (Orc:2)
  8 deep elf knights
  An unseen horror (D:13)
  15 deep elf magi
  5 orc knights
  12 ugly things
  2 manticores
  3 cyclopes
  3 orc sorcerers
  6 centaur zombies
  Maurice (D:8)
  Psyche (D:10)
  A gargoyle (D:14)
  A harpy zombie (D:13)
  6 trolls
  A hornet (D:11)
  3 slime creatures (D:12)
  Prince Ribbit (D:6)
  2 hippogriffs
  A shadow (D:13)
  3 vampires
  A water elemental (Elf:2)
  A wraith (D:12)
  6 yaks (D:9)
  Sigmund (D:6)
  6 hogs
  17 humans
  3 hungry ghosts
  2 wyverns
  4 wargs
  23 orc warriors
  2 porcupines (D:11)
  2 black bears
  A sky beast (D:8)
  5 phantoms
  10 ogres
  A necrophage (D:10)
  11 centaurs
  A crocodile (D:13)
  2 big kobolds
  7 bullfrogs
  A gnoll sergeant (D:10)
  3 scorpions
  A wyvern skeleton (D:12)
  15 killer bees
  4 wights (D:10)
  6 howler monkeys
  11 crimson imps
  A quasit (D:7)
  3 bullfrog zombies
  6 hounds
  3 jellies
  4 centaur skeletons
  21 orc priests
  2 bullfrog skeletons (D:12)
  Jessica (D:2)
  3 iguanas
  6 worker ants
  24 orc wizards
  A killer bee zombie (D:7)
  A hound zombie (D:7)
  2 hound skeletons
  Robin (D:2)
  16 gnolls
  7 adders
  A shadow imp (D:11)
  An ooze (D:2)
  An adder zombie (D:9)
  2 adder skeletons
  4 worms
  2 dart slugs
  5 leopard geckos
  62 orcs
  A ball python (D:2)
  7 bats
  3 giant cockroaches
  13 hobgoblins
  12 jackals
  5 quokkas
  2 frilled lizards
  19 goblins
  A jackal skeleton (D:4)
  A jackal zombie (D:7)
  31 kobolds
  5 rats
  A fungus (D:11)
  3 plants (D:11)
532 creatures vanquished.

Vanquished Creatures (others)
  A human (D:3)
  A quokka (D:9)
  A fungus (D:11)
3 creatures vanquished.

Grand Total: 535 creatures vanquished

Notes
Turn   | Place    | Note
-------+----------+-------------------------------------------
     0 | D:1      | Lew the Minotaur Fighter began the quest for the Orb.
     0 | D:1      | Reached XP level 1. HP: 19/19 MP: 0/0
    45 | D:1      | Found a glowing golden altar of the Shining One.
    69 | D:1      | Reached XP level 2. HP: 27/27 MP: 1/1
    85 | D:1      | Reached skill level 3 in Axes
   331 | D:2      | Noticed Robin
   333 | D:2      | Reached skill level 1 in Dodging
   338 | D:2      | Reached XP level 3. HP: 26/33 MP: 2/2
   345 | D:2      | Killed Robin
   464 | D:2      | Found a deep blue altar of Sif Muna.
   484 | D:2      | Gained mutation: Scrolls take you a little longer to read. [potion of mutation]
   484 | D:2      | Gained mutation: You expend magic power (3 MP) to strengthen your wands. [potion of mutation]
   484 | D:2      | Gained mutation: Your mind is acute. (Int +2) [potion of mutation]
   630 | D:2      | Noticed Jessica
   631 | D:2      | Found a glowing silver altar of Zin.
   636 | D:2      | Killed Jessica
   636 | D:2      | Reached XP level 4. HP: 36/41 MP: 3/3
   730 | D:2      | Reached skill level 4 in Axes
  1126 | D:3      | Reached XP level 5. HP: 43/47 MP: 4/4
  1156 | D:3      | Reached skill level 5 in Fighting
  1395 | D:3      | Found an ancient bone altar of Kikubaaqudgha.
  1398 | D:3      | Noticed a human
  1401 | D:3      | Killed a human
  1605 | D:4      | Found an iron altar of Okawaru.
  1606 | D:4      | Noticed an ogre
  1613 | D:4      | Killed an ogre
  1613 | D:4      | Reached XP level 6. HP: 57/57 MP: 5/5
  1617 | D:4      | Became a worshipper of Warmaster Okawaru
  1636 | D:4      | Reached skill level 5 in Axes
  1701 | D:4      | Found a staircase to the Ecumenical Temple.
  1747 | Temple   | Entered the Ecumenical Temple
  1939 | D:4      | Reached XP level 7. HP: 32/63 MP: 6/6
  2257 | D:5      | Entered Level 5 of the Dungeon
  2680 | D:5      | Reached skill level 6 in Axes
  2695 | D:5      | Found a sparkling altar of Nemelex Xobeh.
  3127 | D:5      | Reached skill level 5 in Dodging
  3355 | D:6      | Reached * piety under Okawaru
  3386 | D:6      | Noticed Sigmund
  3395 | D:6      | Killed Sigmund
  3395 | D:6      | Reached skill level 7 in Axes
  3395 | D:6      | Reached XP level 8. HP: 59/74 MP: 7/7
  3415 | D:6      | Found Ixtiem's Magic Scroll Emporium.
  3417 | D:6      | Noticed Prince Ribbit
  3423 | D:6      | Killed Prince Ribbit
  3425 | D:6      | Bought a scroll of magic mapping for 52 gold pieces
  3425 | D:6      | Bought a scroll of enchant armour for 112 gold pieces
  3425 | D:6      | Bought a scroll of identify for 30 gold pieces
  3425 | D:6      | Bought a scroll of identify for 30 gold pieces
  3574 | D:6      | Reached skill level 8 in Axes
  3692 | D:6      | Found a sacrificial altar of Ru.
  3932 | D:7      | Got a clouded golden amulet
  3954 | D:7      | Reached ** piety under Okawaru
  3961 | D:7      | Found a shimmering altar of Xom.
  3962 | D:7      | Found a shimmering altar of Xom.
  3962 | D:7      | Found a shimmering altar of Xom.
  3962 | D:7      | Found a shimmering altar of Xom.
  4192 | D:7      | Reached skill level 9 in Axes
  4339 | D:7      | Reached XP level 9. HP: 84/84 MP: 8/8
  4520 | D:7      | Reached skill level 10 in Fighting
  4623 | D:8      | Identified the amulet of Foicobb {Harm *Drain Stlth+} (You found it on level 7 of the Dungeon)
  4625 | D:8      | Reached skill level 15 in Axes
  4625 | D:8      | Reached XP level 10. HP: 93/93 MP: 9/9
  4717 | D:8      | Noticed Maurice
  4728 | D:8      | Killed Maurice
  4728 | D:8      | Reached *** piety under Okawaru
  4984 | D:8      | Found a burning altar of Makhleb.
  5101 | D:9      | Reached skill level 16 in Axes
  5134 | D:9      | Reached **** piety under Okawaru
  5141 | D:9      | Found a snail-covered altar of Cheibriados.
  5159 | D:9      | Found a flagged portal.
  5175 | Bailey   | Entered a bailey
  5180 | Bailey   | Noticed an orc warlord
  5335 | Bailey   | Found a runed gate.
  5338 | Bailey   | Found a runed gate.
  5339 | Bailey   | Found a runed gate.
  5613 | Bailey   | Killed an orc warlord
  5613 | Bailey   | Reached XP level 11. HP: 40/104 MP: 4/10
  5755 | Bailey   | Reached skill level 15 in Fighting
  5755 | Bailey   | Reached XP level 12. HP: 119/119 MP: 11/11
  5756 | Bailey   | Reached skill level 18 in Axes
  5756 | Bailey   | Reached XP level 13. HP: 126/126 MP: 12/12
  6025 | D:9      | Found a white marble altar of Elyvilon.
  6059 | D:9      | Found a staircase to the Orcish Mines.
  6068 | D:9      | Reached skill level 1 in Stealth
  6509 | D:10     | Entered Level 10 of the Dungeon
  6549 | D:10     | Noticed Psyche
  6555 | D:10     | Killed Psyche
  6598 | D:10     | Found a portal to a secret trove of treasure.
  6809 | D:10     | Reached skill level 5 in Armour
  7226 | D:11     | Reached ***** piety under Okawaru
  7226 | D:11     | Reached skill level 5 in Shields
  7240 | D:11     | Found a labyrinth entrance.
  7249 | Lab      | Entered a labyrinth
  8001 | Lab      | Noticed a minotaur
  8009 | Lab      | Killed a minotaur
  8017 | Lab      | Identified Quanenac's Incunabulum of Unstable Cold
  8017 | Lab      | Identified The Foundations of Hermeneutics
  8190 | D:11     | Found a staircase to the Lair.
  8505 | D:11     | Got a polished long sword
  8509 | D:11     | Identified the cursed +3 long sword of Imoz {venom, rC+} (You found it on level 11 of the Dungeon)
  8614 | D:12     | Received a gift from Okawaru
  8782 | D:12     | Found a sacrificial altar of Ru.
  8939 | D:12     | Reached skill level 5 in Stealth
  9737 | D:13     | Found a gate to the Vaults.
  9744 | D:13     | Received a gift from Okawaru
  9756 | D:13     | Reached XP level 14. HP: 39/135 MP: 13/13
  9943 | D:13     | Noticed Kirke
  9976 | D:13     | Noticed a sphinx
 10540 | D:12     | Killed Kirke
 10540 | D:12     | Received a gift from Okawaru
 10543 | D:12     | Got a bloodstained plate armour {god gift}
 10649 | D:12     | Identified the +1 plate armour of the Trombone {+Inv +Fly Int+5} (Okawaru gifted it to you on level 12 of the Dungeon)
 10751 | D:13     | Found Nifudghusk's Weapon Emporium.
 10795 | D:13     | Reached skill level 10 in Dodging
 11106 | D:13     | Got a slimy battleaxe {god gift}
 11112 | D:13     | Identified the +8 battleaxe of Qeblorphu {elec, Fragile rPois rF++ Dex+3} (Okawaru gifted it to you on level 13 of the Dungeon)
 11141 | D:14     | Reached ****** piety under Okawaru
 11786 | Orc:1    | Entered Level 1 of the Orcish Mines
 12413 | Orc:2    | Entered Level 2 of the Orcish Mines
 12509 | Orc:2    | Found a staircase to the Elven Halls.
 12541 | Orc:2    | Found a runed gate.
 12543 | Orc:2    | Found an opulent altar of Gozag.
 12552 | Orc:2    | Found a runed gate.
 12557 | Orc:2    | Found a runed gate.
 12590 | Orc:2    | Noticed an orc warlord
 12607 | Orc:2    | Killed an orc warlord
 12610 | Orc:2    | Noticed a stone giant
 12675 | Orc:2    | Noticed Urug
 12682 | Orc:2    | Found a roughly hewn altar of Beogh.
 12686 | Orc:2    | HP: 4/135 [orc warrior/trident (22)]
 12688 | Orc:2    | Noticed nicolaieve's ghost (journeyman MiBe)
 13026 | Orc:2    | Found Sophuchi's General Store.
 13135 | Orc:2    | Killed Urug
 13159 | Orc:2    | Found Mampufra's Book Shop.
 13210 | Orc:2    | Bought the +4 moon troll leather armour {Spirit, Regen++ MP+5} for 817 gold pieces
 13210 | Orc:2    | Found the +4 moon troll leather armour {Spirit, Regen++ MP+5}
 13466 | Orc:2    | Noticed Erolcha
 13474 | Orc:2    | Killed Erolcha
 13474 | Orc:2    | Received a gift from Okawaru
 13474 | Orc:2    | Reached skill level 10 in Armour
 13501 | Orc:2    | Found Saiddipi's Antique Armour Shop.
 13515 | Orc:2    | Found Zewas's Antique Weapon Shop.
 13677 | Orc:2    | Killed a stone giant
 13677 | Orc:2    | Reached skill level 10 in Shields
 13682 | Orc:2    | Killed nicolaieve's ghost
 13682 | Orc:2    | Reached skill level 10 in Stealth
 13885 | Orc:2    | Bought 2 potions of heal wounds for 150 gold pieces
 13885 | Orc:2    | Bought a scroll of identify for 30 gold pieces
 14089 | Elf:1    | Entered Level 1 of the Elven Halls
 14119 | Elf:1    | Noticed Asterion
 14124 | Elf:1    | Noticed a balrug
 14129 | Elf:1    | Killed Asterion
 14129 | Elf:1    | Reached XP level 15. HP: 89/141 MP: 12/14
 14133 | Elf:1    | Got a scorched shield
 14233 | Elf:1    | Reached skill level 19 in Axes
 14291 | Elf:1    | Found Xiufim's Distillery.
 14295 | Elf:1    | Bought a potion of might for 68 gold pieces
 14295 | Elf:1    | Bought a potion of might for 68 gold pieces
 14295 | Elf:1    | Bought a potion of berserk rage for 85 gold pieces
 14295 | Elf:1    | Bought a potion of mutation for 136 gold pieces
 14295 | Elf:1    | Lost mutation: Your mind is acute. (Int +2) [potion of mutation]
 14295 | Elf:1    | Lost mutation: You expend magic power (3 MP) to strengthen your wands. [potion of mutation]
 14295 | Elf:1    | Gained mutation: Armour fits poorly on your strangely shaped body. [potion of mutation]
 14295 | Elf:1    | Gained mutation: You evolve. [potion of mutation]
 14298 | Elf:1    | Identified the +5 shield of the New World {Int-3 Dex+10} (You took it off Asterion on level 1 of the Elven Halls)
 14384 | Elf:1    | Found Pahaed's Jewellery Emporium.
 14389 | Elf:1    | Bought the ring "Kiqucog" {rPois Str+4} for 687 gold pieces
 14754 | Elf:2    | Lost mutation: Armour fits poorly on your strangely shaped body. [potion of mutation]
 14754 | Elf:2    | Lost mutation: Scrolls take you a little longer to read. [potion of mutation]
 14754 | Elf:2    | Lost mutation: You evolve. [potion of mutation]
 14754 | Elf:2    | Gained mutation: You have large cloven feet. [potion of mutation]
 14754 | Elf:2    | Gained mutation: Your flesh is cold resistant. (rC+) [potion of mutation]
 14771 | Elf:2    | Found a runed gate.
 14771 | Elf:2    | Found a runed gate.
 14847 | Elf:2    | Found a runed gate.
 15004 | Elf:2    | Received a gift from Okawaru
 15487 | Elf:2    | HP: 7/141 [deep elf knight/enchanted long sword (8)]
 15488 | Elf:2    | HP: 1/141 [trident of protection (7)]
 15502 | Elf:2    | Slain by a dire flail of protection

Skill      XL: |  1  2  3  4  5  6  7  8  9 10 11 12 13 14 15 |
---------------+----------------------------------------------+-----
Fighting       | 4 5 6 7 9 10 12 15 | 15.0
Axes           | 3 4 5 7 9 15 16 18 19 | 19.9
Dodging        | 1 2 3 4 5 9 10 | 10.0
Shields        | 4 7 10 | 10.0
Armour         | 4 7 10 | 10.0
Stealth        | 6 10 11 | 11.0

Action                   |  1- 3 |  4- 6 |  7- 9 | 10-12 | 13-15 || total
-------------------------+-------+-------+-------+-------+-------++-------
Melee: War axe           |    62 |   110 |   183 |   136 |   423 ||   914
       Headbutt          |     9 |    20 |    31 |    23 |   215 ||   298
       Long sword        |       |       |       |       |     5 ||     5
       Battleaxe         |       |       |       |       |   322 ||   322
       Unarmed           |       |       |       |       |     6 ||     6
Throw: Tomahawk          |       |       |       |    16 |       ||    16
Evoke: Wand              |       |       |       |     2 |    17 ||    19
       Lightning rod     |       |       |       |       |    12 ||    12
       Sack of spiders   |       |       |       |       |     1 ||     1
  Use: Potion            |     5 |     2 |     4 |     6 |    17 ||    34
       Scroll            |     2 |     4 |     8 |     3 |    20 ||    37
 Stab: Sleeping          |       |       |       |       |    13 ||    13
       Distracted        |       |       |       |       |     1 ||     1
  Eat: Ration            |       |     1 |     1 |       |    10 ||    12
       Chunk             |       |       |     8 |       |     7 ||    15
Armor: Scale mail        |    26 |    31 |    74 |    32 |     6 ||   169
       Troll leather arm |       |       |       |       |   177 ||   177
Dodge: Dodged            |    25 |    46 |   108 |    59 |   503 ||   741
       Deflected         |       |       |       |       |    13 ||    13
Block: Shield            |    31 |       |       |       |       ||    31
       Buckler           |     2 |    28 |    74 |    41 |   153 ||   298
       Rpst.: Long sword |       |       |       |       |     1 ||     1
